 Dungeon Crawl Stone Soup version 0.31-b1-17-gcfd88c8481 (webtiles) character file.

Game seed: 13288474514349520598

1605 monsoonserge the Magician (level 8, 0/90 HPs)
             Began as a Gnoll Air Elementalist on Jan 15, 2024.
             Was an Initiate of Vehumet.
             Slain by a steam dragon (5 damage)
             ... on level 7 of the Dungeon.
             The game lasted 00:21:59 (7065 turns).

monsoonserge the Magician (Gnoll Air Elementalist)  Turns: 7065, Time: 00:22:01

Health: 0/90       AC: 24    Str:  7    XL:     8   Next: 94%
Magic:  7/17       EV:  2    Int: 17    God:    Vehumet [......]
Gold:   359        SH:  5    Dex: 19    Spells: 11/19 levels left

rFire   . . .        D - +3 mace (drain)
rCold   . . .        A - +0 buckler
rNeg    . . .        p - melded +0 leather armour
rPois   +            k - melded +0 helmet
rElec   .            d - melded +0 cloak
rCorr   .            (gloves currently unavailable)
SInv    .            (boots currently unavailable)
Will    +....        (no amulet)
Stlth   +++          j - +6 ring of dexterity
HPRegen 0.35/turn    v - ring of willpower
MPRegen 0.15/turn

%: no passive effects
@: tree-form
A: stationary, stasis, torment immunity, boosted hp, (fangs 1), strong nose,
distributed training
a: Renounce Religion


You were on level 7 of the Dungeon.
You worshipped Vehumet.
Vehumet was noncommittal.
You were a tree.
You visited 2 branches of the dungeon, and saw 8 of its levels.

You collected 359 gold pieces.

Inventory:

Hand Weapons
 x - a +0 scimitar
 z - a +1 heavy spear
 D - a +3 mace of draining (weapon)
Missiles
 m - 4 boomerangs
 t - 2 poisoned darts (quivered)
Armour
 a - a +0 robe
 d - a +0 cloak (melded)
 k - a +0 helmet (melded)
 p - a +0 leather armour (melded)
 u - the +5 scale mail of Understanding {rF+ Regen+ Slay+3}
   (You found it on level 4 of the Dungeon)

   Slay+3:    It affects your accuracy & damage with ranged weapons and melee
   (+3).
   rF+:       It protects you from fire.
   Regen+:    It increases your rate of health regeneration.
 A - a +0 buckler (worn)
Magical Staves
 r - a staff of fire
Jewellery
 g - a ring of fire
 j - a +6 ring of dexterity (left branch)
 v - a ring of willpower (right branch)
Wands
 y - a wand of iceblast (7)
Scrolls
 h - 4 scrolls of identify {unknown}
 i - 3 scrolls of teleportation {unknown}
 l - a scroll of torment {unknown}
 B - 2 scrolls of enchant weapon {unknown}
 C - a scroll of vulnerability {unknown}
 E - a scroll of noise {unknown}
Potions
 b - a potion of magic
 c - 3 potions of curing {unknown}
 e - 3 potions of heal wounds {unknown}
 f - a potion of invisibility {unknown}
 n - 3 potions of lignification
 o - 3 potions of might {unknown}
 q - 2 potions of attraction {unknown}
 s - 2 potions of degeneration {unknown}
 w - 2 potions of enlightenment {unknown}


   Skills:
 + Level 3.8 Fighting
 + Level 3.8 Short Blades
 + Level 3.8 Long Blades
 + Level 3.8 Axes
 + Level 3.8 Maces & Flails
 + Level 3.8 Polearms
 + Level 3.8 Staves
 + Level 3.8 Ranged Weapons
 + Level 3.8 Throwing
 + Level 3.8 Armour
 + Level 6.0 Dodging
 + Level 5.7 Stealth
 + Level 3.8 Shields
 + Level 3.8 Unarmed Combat
 + Level 6.4 Spellcasting
 + Level 3.9 Conjurations
 + Level 3.1 Hexes
 + Level 3.1 Summonings
 + Level 3.1 Necromancy
 + Level 3.1 Translocations
 + Level 3.1 Fire Magic
 + Level 3.1 Ice Magic
 + Level 6.3 Air Magic
 + Level 3.1 Earth Magic
 + Level 3.1 Alchemy
 + Level 4.2 Invocations
 + Level 3.8 Evocations
 + Level 3.5 Shapeshifting


You had 11 spell levels left.
You knew the following spells:

 Your Spells              Type           Power      Damage    Failure   Level
a - Shock                 Conj/Air       88%        1d8       2%          1
b - Swiftness             Air            27%        N/A       4%          3
c - Airstrike             Air            13%        2d(2-18)  14%         4

Your spell library contained the following spells:

 Spells                   Type           Power      Damage    Failure   Level
 Static Discharge         Conj/Air       44%        3-5/arc   3%          2
 Kiss of Death            Conj/Necr      68%        2d10      4%          1
 Confusing Touch          Hex            16%        N/A       16%         3
 Dispel Undead            Necr           16%        3d10      45%         4


Dungeon Overview and Level Annotations

Branches:
Dungeon (7/15)             Temple (1/1) D:6

Altars:
Ashenzari
Cheibriados
Dithmenos
Elyvilon
Gozag
Hepliaklqana
Kikubaaqudgha
Makhleb
Okawaru
Qazlal
Ru
Sif Muna
Trog
Uskayaw
Vehumet
Wu Jian
Xom
Yredelemnul
Zin
The Shining One

Shops:
D:7 ?


Innate Abilities, Weirdness & Mutations

You are a tree.
Your roots penetrate the ground, keeping you stationary.
You cannot be teleported.
You are immune to unholy pain and torment.
Your maximum health is greatly increased.
Your equipment is partially melded.
((You have very sharp teeth.))
Your uncanny sense of smell can sniff out nearby items.
Your experience applies equally to all skills.


Message History

Aiming: Shock (safe; 3% risk of failure)
Press: ? - help, Shift-Dir - straight line, f/p - steam dragon
Aim: a steam dragon (severely wounded, 74% to hit)
The zap hits the steam dragon.
The steam dragon is severely wounded.
The steam dragon bites you.
The steam dragon claws you but does no damage.
Casting: Shock (safe; 3% risk of failure)
Confirm with . or Enter, or press ? or * to list all spells.
Aiming: Shock (safe; 3% risk of failure)
Press: ? - help, Shift-Dir - straight line, f/p - steam dragon
Aim: a steam dragon (severely wounded, 74% to hit)
The zap hits the steam dragon.
The steam dragon is almost dead.
The steam dragon breathes steam at you. The ball of steam hits you!
* * * LOW HITPOINT WARNING * * *
Casting: Shock (safe; 3% risk of failure)
Confirm with . or Enter, or press ? or * to list all spells.
Aiming: Shock (safe; 3% risk of failure)
Press: ? - help, Shift-Dir - straight line, f/p - steam dragon
Aim: a steam dragon (almost dead, 74% to hit)
The zap hits the steam dragon.
The steam dragon is almost dead.
You are engulfed in a cloud of scalding steam.
* * * LOW HITPOINT WARNING * * *
The steam dragon breathes steam at you. The ball of steam hits you!
* * * LOW HITPOINT WARNING * * *
Press: ? - help, v - describe, . - travel The floor.
There is a cloud of steam here.
Okay, then.
It was a potion of lignification.
You turn into a tree.
Your +0 cloak melds into your body.
Your +0 helmet melds into your body.
Your +0 leather armour melds into your body.
Your roots penetrate the ground.
You are engulfed in a cloud of scalding steam.
The steam dragon bites you.
You die...

### ∆ ..#
#.# #.# #.#
#†# #D# #♣#
∆ #§# #§#
#.# #.# #.#
#.#########
#.#.......#
#.#.#####.#


You could see a steam dragon (catching breath).

Vanquished Creatures
  A water moccasin (D:5)
  3 black bears
  A phantom (D:4)
  3 scorpions
  2 bullfrogs
  4 wights (D:6)
  A howler monkey (D:6)
  2 bombardier beetles
  An orc priest (D:6)
  4 hounds
  3 iguanas
  A sleepcap (D:6)
  Natasha (twice) (D:3)
  Robin (D:2)
  11 adders
  A white imp (D:5)
  2 ribbon worms
  2 dart slugs
  9 orcs
  7 endoplasms
  3 giant cockroaches
  17 goblins
  10 hobgoblins
  14 jackals
  7 kobolds
  3 quokkas
  3 ball pythons
  5 bats
  5 frilled lizards
  5 rats
133 creatures vanquished.

Notes
Turn   | Place    | Note
-------+----------+-------------------------------------------
     0 | D:1      | monsoonserge the Gnoll Air Elementalist began the quest for
                  | the Orb.
     0 | D:1      | Reached XP level 1. HP: 13/13 MP: 6/6
   145 | D:1      | Reached XP level 2. HP: 13/19 MP: 2/7
   520 | D:1      | Reached skill level 5 in Spellcasting
   520 | D:1      | Reached XP level 3. HP: 18/25 MP: 0/9
   805 | D:1      | Reached skill level 1 in Invocations
  1353 | D:2      | Reached skill level 1 in Fighting
  1353 | D:2      | Reached skill level 1 in Short Blades
  1353 | D:2      | Reached skill level 1 in Long Blades
  1353 | D:2      | Reached skill level 1 in Axes
  1353 | D:2      | Reached skill level 1 in Maces & Flails
  1353 | D:2      | Reached skill level 1 in Polearms
  1353 | D:2      | Reached skill level 1 in Staves
  1353 | D:2      | Reached skill level 1 in Ranged Weapons
  1353 | D:2      | Reached skill level 1 in Throwing
  1353 | D:2      | Reached skill level 1 in Armour
  1353 | D:2      | Reached skill level 1 in Shields
  1353 | D:2      | Reached skill level 1 in Unarmed Combat
  1353 | D:2      | Reached skill level 1 in Evocations
  1376 | D:2      | Reached skill level 1 in Shapeshifting
  1376 | D:2      | Reached XP level 4. HP: 18/32 MP: 0/11
  1448 | D:2      | Learned a level 3 spell: Swiftness
  1453 | D:2      | Learned a level 4 spell: Airstrike
  1509 | D:2      | Noticed Robin
  1514 | D:2      | Killed Robin
  1538 | D:1      | Reached skill level 1 in Hexes
  1538 | D:1      | Reached skill level 1 in Summonings
  1538 | D:1      | Reached skill level 1 in Necromancy
  1538 | D:1      | Reached skill level 1 in Translocations
  1538 | D:1      | Reached skill level 1 in Fire Magic
  1538 | D:1      | Reached skill level 1 in Ice Magic
  1538 | D:1      | Reached skill level 1 in Earth Magic
  1538 | D:1      | Reached skill level 1 in Alchemy
  2434 | D:3      | Reached XP level 5. HP: 37/37 MP: 10/12
  2908 | D:3      | Noticed Natasha
  2931 | D:3      | Killed Natasha
  2931 | D:3      | Noticed Natasha
  2939 | D:3      | Killed Natasha
  3051 | D:3      | Found an iron altar of Okawaru.
  3081 | D:3      | Found a glowing golden altar of the Shining One.
  3115 | D:3      | Found a snail-covered altar of Cheibriados.
  3177 | D:4      | Reached XP level 6. HP: 44/44 MP: 5/13
  3308 | D:4      | Found a basalt altar of Yredelemnul.
  3612 | D:4      | Found a glowing silver altar of Zin.
  3637 | D:4      | Reached skill level 5 in Dodging
  3753 | D:4      | Noticed a black bear
  4227 | D:4      | Reached XP level 7. HP: 48/50 MP: 10/15
  4330 | D:4      | Identified the +5 scale mail of Understanding {rF+ Regen+
                  | Slay+3}
  4479 | D:5      | Entered Level 5 of the Dungeon
  4484 | D:5      | Found a broken altar of Ashenzari.
  4581 | D:5      | Reached skill level 5 in Stealth
  5195 | D:5      | Reached XP level 8. HP: 58/58 MP: 10/16
  6547 | D:6      | Found a staircase to the Ecumenical Temple.
  6556 | Temple   | Entered the Ecumenical Temple
  6564 | Temple   | Became a worshipper of Vehumet
  6824 | D:7      | Found Jihip's Magic Scroll Shoppe.
  7064 | D:7      | HP: 3/60 [steam dragon/ball of steam (9)]
  7065 | D:7      | Slain by a steam dragon

Illustrated notes

Levels and vault maps discovered:
D:1:      ncdulo_halloftheorcs, layout_loops_ring, nicolae_figureground_sparkle
D:2:      layout_loops_ring, uniq_robin
D:3:      layout_rooms, mainiacjoe_overflow_catwalk_spiral,
          lemuel_coloured_pillars_altar, serial_corexii_hall,
          corexii_hall_statues_l, corexii_hall_statues_x, uniq_natasha
D:4:      minmay_clustersquares, layout_basic, yredelemnul_altar_generic,
          mainiacjoe_overflow_boulevard, serial_glass, glass_columns_a,
          glass_columns_c, minmay_bisected
D:5:      black_bear_nest_2, layout_gridville, ashenzari_conservatory_becter,
          supply_closet_lemuel, minmay_misc_feat_iff
D:6:      layout_cave_pools, minmay_temple_entry_grid
D:7:      layout_basic, serial_shops,
          nicolae_shop_temple_entry_statues_fountains, shop_coins, shop,
          kennysheep_generic_room_3
Temple:   eino_temple_lava

Skill      XL: |  1  2  3  4  5  6  7  8 |
---------------+-------------------------+-----
Conjurations   | 2 3 |  3.9
Spellcasting   | 5 6 |  6.4
Invocations    | 1 2 3 4 |  4.2
Fighting       | 1 2 3 |  3.8
Short Blades   | 1 2 3 |  3.8
Long Blades    | 1 2 3 |  3.8
Axes           | 1 2 3 |  3.8
Maces & Flails | 1 2 3 |  3.8
Polearms       | 1 2 3 |  3.8
Staves         | 1 2 3 |  3.8
Ranged Weapons | 1 2 3 |  3.8
Throwing       | 1 2 3 |  3.8
Armour         | 1 2 3 |  3.8
Shields        | 1 2 3 |  3.8
Unarmed Combat | 1 2 3 |  3.8
Evocations     | 1 2 3 |  3.8
Shapeshifting  | 1 2 3 |  3.5
Hexes          | 1 2 3 |  3.1
Summonings     | 1 2 3 |  3.1
Necromancy     | 1 2 3 |  3.1
Translocations | 1 2 3 |  3.1
Fire Magic     | 1 2 3 |  3.1
Ice Magic      | 1 2 3 |  3.1
Earth Magic    | 1 2 3 |  3.1
Alchemy        | 1 2 3 |  3.1
Dodging        | 5 6 |  6.0
Stealth        | 5 |  5.7
Air Magic      | 6 |  6.3

Action                     |  1- 3 |  4- 6 |  7- 9 || total
---------------------------+-------+-------+-------++-------
  Melee: Dagger            |    26 |     7 |       ||    33
         Bite              |     2 |     1 |     1 ||     4
         Unarmed           |     1 |       |       ||     1
         Flail             |       |     6 |     2 ||     8
         Punch             |       |     1 |       ||     1
         Mace              |       |       |     4 ||     4
   Cast: Shock             |    59 |   138 |   154 ||   351
         Airstrike         |       |     1 |     7 ||     8
    Use: Potion            |       |       |     1 ||     1
   Stab: Sleeping          |     1 |       |       ||     1
 Armour: Robe              |    23 |    13 |       ||    36
         Leather armour    |       |    24 |    59 ||    83
         Skin              |       |       |     2 ||     2
  Dodge: Dodged            |    34 |    32 |    56 ||   122
  Block: Buckler           |       |       |     7 ||     7
